 Dungeon Crawl Stone Soup version 0.27.1-34-g3ba077fa99 (webtiles) character file.

Game seed: 18340129217382436879

49548 DildoBatman the Geomancer (level 14, 0/110 HPs)
             Began as a Formicid Conjurer on Jan 17, 2022.
             Was an Initiate of Gozag.
             Slain by a catoblepas (17 damage)
             ... on level 13 of the Dungeon.
             The game lasted 01:16:29 (17757 turns).

DildoBatman the Geomancer (Formicid Conjurer)      Turns: 17757, Time: 01:16:29

Health: 0/110      AC: 21    Str: 12    XL:     14   Next: 92%
Magic:  13/27      EV: 19    Int: 16    God:    Gozag
Gold:   1859       SH:  0    Dex: 13    Spells: 11/31 levels left

rFire    + + .     SeeInvis +   a - +7 pair of quick blades "Gyre" and "Gimble" {protect}
rCold    . . .     Faith    .   (no shield)
rNeg     . . .     Spirit   .   R - +0 steam dragon scales
rPois    +         Reflect  .   (helmet unavailable)
rElec    .         Harm     .   l - +0 cloak
rCorr    .         Rampage  .   (no gloves)
Will     +....                  s - +0 pair of boots
Stlth    ++........             g - amulet of the acrobat
HPRegen  0.28/turn              m - ring of Trepidation {rPois rF++ EV+4 Int-3}
MPRegen  0.20/turn              P - +4 ring of protection

@: under a protective aura
A: permanent stasis, dig shafts and tunnels, antennae 3, four strong arms
a: Dig, Shaft Self, Renounce Religion, Potion Petition, Call Merchant, Bribe
Branch


You were on level 13 of the Dungeon.
You worshipped Gozag.
Gozag was most pleased with you.
You visited 3 branches of the dungeon, and saw 16 of its levels.
You also visited: Trove and Bailey.

You collected 2691 gold pieces.
You spent 292 gold pieces at shops.
You paid 540 gold pieces to Gozag.

Inventory:

Hand Weapons
 a - the +7 pair of quick blades "Gyre" and "Gimble" (weapon) {protect}
   (You found it on level 11 of the Dungeon)

   It grants its wielder temporary protection when it strikes (+7 to AC).
 b - the +4 dagger "Beastslayer" {drain, rPois rF- rC++ Str+3}
   (You found it on level 4 of the Dungeon)

   A truly terrible weapon, it drains the life of any living foe it strikes.
   Str:       It affects your strength (+3).
   rF:        It makes you vulnerable to fire.
   rC:        It greatly protects you from cold.
   rPois:     It protects you from poison.
 c - a +4 vorpal arbalest
 d - a +2 scimitar of flaming
 e - a +3 great sword of draining
Missiles
 n - 152 bolts
 E - 84 sling bullets
 H - a throwing net
 V - 198 arrows
Armour
 l - a +0 cloak (worn)
 s - a +0 pair of boots (worn)
 t - a +2 kite shield
 D - a +2 robe of resistance
 R - +0 steam dragon scales (worn)
 T - a scarf of invisibility
Jewellery
 f - a ring of resist corrosion
 g - an amulet of the acrobat (around neck)
 m - the ring of Trepidation (left hand) {rPois rF++ EV+4 Int-3}
   (You bought it in a shop on level 2 of the Orcish Mines)

   [ring of evasion]

   EV:        It affects your evasion (+4).
   Int:       It affects your intelligence (-3).
   rF:        It greatly protects you from fire.
   rPois:     It protects you from poison.
 o - a ring of poison resistance
 p - a +4 ring of slaying
 P - a +4 ring of protection (right hand)
Wands
 i - a wand of digging (5)
 q - a wand of flame (57)
 M - a wand of acid (14)
 N - a wand of paralysis (11)
 S - a wand of iceblast (8)
Scrolls
 j - a scroll of summoning {unknown}
 k - a scroll of fog {unknown}
 x - a scroll of fear
 z - 8 scrolls of identify
 C - 3 scrolls of magic mapping
 J - a scroll of torment {unknown}
 Q - 2 scrolls of immolation
Potions
 h - 2 potions of mutation {unknown}
 r - a potion of resistance {unknown}
 u - 6 potions of heal wounds
 v - a potion of invisibility
 y - 2 potions of lignification {unknown}
 A - 4 potions of brilliance
 B - 4 potions of magic
 G - a potion of cancellation {unknown}
 I - 2 potions of curing
 K - 3 potions of might
 O - 2 potions of flight {unknown}
 U - a potion of experience


   Skills:
 - Level 10.0 Fighting
 - Level 8.0 Short Blades
 - Level 10.0 Armour
 - Level 7.0 Dodging
 - Level 2.4 Stealth
 * Level 0.0 Shields
 - Level 9.2 Spellcasting
 - Level 6.0 Conjurations
 - Level 10.0 Necromancy
 - Level 6.0 Air Magic
 - Level 10.4 Earth Magic
 - Level 6.0 Poison Magic


You had 11 spell levels left.
You knew the following spells:

 Your Spells              Type           Power      Damage    Failure   Level
a - Borgnjor's Vile Clut  Necr/Erth      20%        N/A       4%          5
c - Searing Ray           Conj           52%        3d5       1%          2
d - Vampiric Draining     Necr           19%        2d8       1%          3
e - Mephitic Cloud        Conj/Pois/Air  26%        N/A       2%          3
f - Magic Dart            Conj           100%       1d8       1%          1
h - Dispel Undead         Necr           39%        3d16      1%          4
z - Sublimation of Blood  Necr           19%        N/A       1%          2

Your spell library contained the following spells:

 Spells                   Type           Power      Damage    Failure   Level
 Animate Skeleton         Necr           78%        N/A       1%          1
 Pain                     Necr           100%       1d9       1%          1
 Sandblast                Erth           82%        2d17      1%          1
 Corpse Rot               Necr/Air       N/A        N/A       1%          2
 Passwall                 Tmut/Erth      20%        N/A       1%          2
 Poisonous Vapours        Pois/Air       52%        N/A       1%          2
 Stone Arrow              Conj/Erth      66%        3d11      1%          3
 Animate Dead             Necr           19%        N/A       1%          4
 Lee's Rapid Deconstruct  Erth           20%        3d13*     3%          5
 Agony                    Necr           39%        N/A       4%          5
 Excruciating Wounds      Necr           19%        N/A       4%          5
 Dazzling Flash           Conj/Hex       34%        N/A       9%          3
 Spider Form              Tmut/Pois      8%         N/A       9%          3
 Airstrike                Air            13%        N/A       9%          4
 Freeze                   Ice            28%        1d5       10%         1
 Summon Small Mammal      Summ           28%        N/A       10%         1
 Animate Armour           Summ/Erth      48%        N/A       12%         4
 Leda's Liquefaction      Hex/Erth       12%        N/A       12%         4
 Petrify                  Tmut/Erth      24%        N/A       12%         4
 Call Imp                 Summ           7%         N/A       16%         2
 Ensorcelled Hibernation  Hex/Ice        14%        N/A       16%         2
 Death Channel            Necr           19%        N/A       24%         6
 Fulminant Prism          Conj/Hex       8%         3d7       28%         4
 Hailstorm                Conj/Ice       17%        3d6       28%         4
 Iskenderun's Mystic Bla  Conj/Tloc      17%        2d5       28%         4
 Bolt of Magma            Conj/Fire/Erth 12%        4d8       28%         5
 Call Canine Familiar     Summ           7%         N/A       30%         3
 Frozen Ramparts          Ice            14%        1d3       30%         3
 Gell's Gravitas          Tloc           3%         N/A       30%         3
 Lesser Beckoning         Tloc           3%         N/A       30%         3
 Portal Projectile        Hex/Tloc       14%        N/A       30%         3
 Summon Guardian Golem    Hex/Summ       7%         N/A       30%         3
 Teleport Other           Tloc           7%         N/A       30%         3
 Freezing Cloud           Conj/Ice/Air   10%        6-21      47%         5
 Fireball                 Conj/Fire      8%         3d6       63%         5
 Silence                  Hex/Air        8%         N/A       63%         5
 Summon Ice Beast         Ice/Summ       7%         N/A       69%         4
 Conjure Ball Lightning   Conj/Air       13%        3x3d6     78%         6
 Statue Form              Tmut/Erth      16%        N/A       87%         6
 Simulacrum               Ice/Necr       11%        N/A       88%         6
 Eringya's Noxious Bog    Tmut/Pois      8%         N/A       99%         6
 Starburst                Conj/Fire      8%         6d4       99%         6
 Dispersal                Tloc           3%         N/A       100%        6
 Haunt                    Necr/Summ      11%        N/A       100%        7
 Malign Gateway           Summ/Tloc      3%         N/A       100%        7
 Monstrous Menagerie      Summ           3%         N/A       100%        7
 Borgnjor's Revivificati  Necr           19%        N/A       100%        8
 Ignition                 Fire           3%         3d4       100%        8
 Infestation              Necr           19%        N/A       100%        8
 Necromutation            Tmut/Necr      11%        N/A       100%        8
 Summon Horrible Things   Summ           3%         N/A       100%        8
 Death's Door             Necr           19%        N/A       100%        9
 Shatter                  Erth           20%        3d18*     100%        9


Dungeon Overview and Level Annotations

Branches:
Dungeon (13/15)            Temple (1/1) D:5            Lair (0/6) D:10
    Orc (2/2) D:11            Elf (0/3) Orc:2        Bailey (visited)
 Vaults: D:13-14

Altars:
Ashenzari
Cheibriados
Dithmenos
Elyvilon
Fedhas
Gozag
Hepliaklqana
Kikubaaqudgha
Makhleb
Nemelex Xobeh
Okawaru
Qazlal
Ru
Sif Muna
Trog
Uskayaw
Vehumet
Wu Jian
Xom
Yredelemnul
Zin
The Shining One
Beogh
Jiyva

Shops:
Orc:1 [   Orc:2 *:*?

Annotations:
D:9 Erolcha
Orc:1 2 transporters, Xoonoinn's ghost, journeyman NaWz


Innate Abilities, Weirdness & Mutations

You cannot be hasted, slowed, berserked, paralysed or teleported.
You can dig through walls and to a lower floor.
You have a pair of large antennae on your head. (SInv)
Your four strong arms can wield two-handed weapons with a shield.


Message History

The centaur skeleton completely misses you. x2
You extend your mandibles.
You dig through the rock wall.
The centaur skeleton completely misses you. x2
The hobgoblin skeleton completely misses you.
You dig through the rock wall.
The centaur skeleton completely misses you. x2
You dig through the rock wall.
You retract your mandibles.
You hit the centaur skeleton.
Your weapon exudes an aura of protection.
You hit the centaur skeleton.
The centaur skeleton closely misses you.
The centaur skeleton completely misses you.
You hit the centaur skeleton.
You completely miss the centaur skeleton.
You puncture the centaur skeleton! You hit the centaur skeleton.
You destroy the centaur skeleton!
That felt strangely unrewarding.
No target in view!
You hit the hobgoblin skeleton.
You hit the hobgoblin skeleton but do no damage.
The hobgoblin skeleton hits you but does no damage.
You puncture the hobgoblin skeleton!
You destroy the hobgoblin skeleton!
That felt strangely unrewarding.
No target in view!
No target in view!
The catoblepas gores you!!
Casting: Borgnjor's Vile Clutch (dangerous; 4% risk of failure)
Confirm with . or Enter, or press ? or * to list all spells.
Aiming: Borgnjor's Vile Clutch (dangerous; 4% risk of failure)
Press: ? - help, Shift-Dir - straight line, f - catoblepas
Aim: a catoblepas (100% to hit)
Zombie hands grab the catoblepas.
The zombie hands constrict the catoblepas!
The catoblepas gores you!
You die...
Your body crumbles into a pile of gold.

........# #...#
#####.### #.###
####.###### #.#
............#.#
............#Y#
............#.#
#####
............#.#
#...
####'########.###.#
..##'########Z{#@.#
...........##{#Y#.#
...........#.Z###.#
.....Y.....+.○))..#
...........##.#####
#../.......##.#
#..........##.#
#..........##.#
#..........##.#


You could see a catoblepas (clutched).

Vanquished Creatures
  An orc warlord (Orc:2)
  The ghost of McKennaii the Thaumaturge, a journeyman DjFE of Gozag (D:11)
  2 hydras
  Erica (D:8)
  10 two-headed ogres
  2 death knights
  2 tengu warriors (D:13)
  5 orc high priests (Orc:2)
  The ghost of ONETWELVE the Cleaver, a novice HOMo (D:10)
  5 skeletal warriors
  4 orc knights (Orc:2)
  5 deep elf pyromancers
  3 orc sorcerers (Orc:2)
  5 deep elf zephyrmancers (D:12)
  2 manticores
  2 gargoyles (D:13)
  4 yaktaurs (D:10)
  5 trolls
  2 hornets
  23 slime creatures
  Sigmund (D:4)
  A shadow (D:9)
  2 wraiths
  18 yaks
  A vampire (D:11)
  A basilisk (D:13)
  Eustachio (D:6)
  A steam dragon (D:10)
  7 vampire mosquitoes (D:12)
  Menkaure (D:5)
  2 acid dragons
  5 wargs
  A water moccasin (D:7)
  Duvessa (D:7)
  A two-headed ogre skeleton (Orc:2)
  A sky beast (D:7)
  44 orc warriors
  3 black bears
  12 ogres
  4 centaurs
  5 kobold brigands
  A phantom (D:5)
  4 bullfrogs
  2 scorpions
  A cyclops zombie (Orc:2)
  A water moccasin zombie (D:5)
  2 water moccasin skeletons
  2 warg zombies
  A cyclops skeleton (Orc:2)
  Dowan (D:7)
  4 killer bees (D:11)
  4 howler monkeys
  2 centaur zombies
  2 bullfrog skeletons
  2 bullfrog zombies
  5 hounds
  7 jellies
  2 gnoll shamans
  26 orc priests
  5 iguanas
  Jessica (D:3)
  3 centaur skeletons
  28 orc wizards
  An ogre zombie (Orc:1)
  An ogre skeleton (Orc:2)
  3 howler monkey zombies
  Robin (D:4)
  9 adders
  34 gnolls
  A howler monkey skeleton (D:7)
  11 orc zombies
  A steam dragon zombie (D:12)
  5 orc skeletons (Orc:2)
  2 shadow imps
  A white imp (D:7)
  An ufetubus (D:6)
  A worm (D:2)
  3 dart slugs
  110 orcs
  2 ball pythons
  5 bats
  6 endoplasms
  5 giant cockroaches
  20 goblins
  17 hobgoblins
  7 jackals
  37 kobolds
  3 quokkas
  5 frilled lizards
  A hobgoblin skeleton (D:13)
  4 rats
601 creatures vanquished.

Vanquished Creatures (others)
  4 fungi (D:10)
  11 plants (D:10)
15 creatures vanquished.

Grand Total: 616 creatures vanquished

Notes
Turn   | Place    | Note
-------+----------+-------------------------------------------
     0 | D:1      | DildoBatman the Formicid Conjurer began the quest for the
                  | Orb.
     0 | D:1      | Reached XP level 1. HP: 13/13 MP: 3/3
   446 | D:1      | Reached XP level 2. HP: 12/19 MP: 1/5
   454 | D:1      | Learned a level 2 spell: Searing Ray
   667 | D:1      | Found a faded altar of an unknown god.
   922 | D:2      | Reached XP level 3. HP: 24/24 MP: 2/6
  1350 | D:2      | Reached skill level 5 in Conjurations
  1350 | D:2      | Reached XP level 4. HP: 14/30 MP: 3/7
  1389 | D:2      | Reached XP level 5. HP: 21/35 MP: 1/8
  2121 | D:3      | Reached XP level 6. HP: 33/41 MP: 1/10
  2223 | D:3      | Noticed Jessica
  2345 | D:3      | Found a blossoming altar of Fedhas.
  2475 | D:3      | Found a shimmering blue altar of Sif Muna.
  2652 | D:4      | Noticed Sigmund
  2917 | D:4      | Noticed Robin
  2921 | D:5      | Entered Level 5 of the Dungeon
  2993 | D:4      | Reached XP level 7. HP: 38/46 MP: 3/13
  3090 | D:4      | Reached skill level 5 in Spellcasting
  3214 | D:4      | Identified the +4 dagger "Beastslayer" {drain, rPois rF-
                  | rC++ Str+3}
  3361 | D:5      | Found a staircase to the Ecumenical Temple.
  3369 | Temple   | Entered the Ecumenical Temple
  3496 | Temple   | Became a worshipper of Kikubaaqudgha
  3521 | D:5      | Reached skill level 1 in Short Blades
  3619 | D:4      | Killed Robin
  3648 | D:4      | Killed Sigmund
  3649 | D:4      | Reached skill level 1 in Fighting
  3649 | D:4      | Reached skill level 1 in Armour
  3649 | D:4      | Reached XP level 8. HP: 36/54 MP: 5/16
  3693 | D:4      | Found a burning altar of Makhleb.
  3888 | D:3      | Killed Jessica
  3942 | D:5      | Noticed Menkaure
  3945 | D:5      | Killed Menkaure
  4219 | D:5      | Found an ornate altar of the Wu Jian Council.
  4372 | D:5      | Reached * piety under Kikubaaqudgha
  4372 | D:5      | Received a gift from Kikubaaqudgha
  4380 | D:5      | Learned a level 2 spell: Sublimation of Blood
  4384 | D:5      | Learned a level 3 spell: Vampiric Draining
  4701 | D:6      | Reached skill level 1 in Necromancy
  4701 | D:6      | Reached XP level 9. HP: 65/65 MP: 10/19
  4808 | D:6      | Reached ** piety under Kikubaaqudgha
  4914 | D:6      | Noticed Eustachio
  4923 | D:6      | Killed Eustachio
  4924 | D:6      | Reached skill level 5 in Fighting
  4924 | D:6      | Reached skill level 5 in Armour
  4953 | D:6      | Found an iron altar of Okawaru.
  5170 | D:7      | Reached skill level 5 in Necromancy
  5438 | D:7      | Reached XP level 10. HP: 64/74 MP: 15/20
  5488 | D:7      | Noticed Dowan
  5489 | D:7      | Noticed Duvessa
  5496 | D:7      | Killed Dowan
  5499 | D:7      | Killed Duvessa
  5710 | D:7      | Reached *** piety under Kikubaaqudgha
  5710 | D:7      | Received a gift from Kikubaaqudgha
  5720 | D:7      | Learned a level 5 spell: Borgnjor's Vile Clutch
  6111 | D:7      | Learned a level 4 spell: Dispel Undead
  6220 | D:8      | Noticed Erica
  6233 | D:8      | Killed Erica
  6234 | D:8      | Reached skill level 5 in Earth Magic
  6246 | D:8      | Learned a level 3 spell: Mephitic Cloud
  6273 | D:8      | Found an opulent altar of Gozag.
  6717 | D:8      | Reached XP level 11. HP: 54/79 MP: 1/21
  7290 | D:9      | Noticed Erolcha
  7747 | D:9      | Found a radiant altar of Vehumet.
  7766 | D:9      | Reached **** piety under Kikubaaqudgha
  7999 | D:10     | Entered Level 10 of the Dungeon
  8041 | D:10     | Reached skill level 1 in Air Magic
  8150 | D:10     | Found a portal to a secret trove of treasure.
  8163 | D:10     | You paid a toll of 7 scrolls of fear to enter a treasure
                  | trove
  8164 | Trove    | Entered a treasure trove
  8175 | Trove    | Got Fyoxoz's Compendium of Creation and Stones
  8178 | Trove    | Got the Almanac of Clay and Feathers
  8187 | Trove    | Got the Papyrus of Intoxication and Darkness
  8190 | Trove    | Got Sif Muna's Disquisition on the Rocks and Dark Rituals
  8193 | Trove    | Got Duothach's Tome of Supportive Feathers
  8220 | Trove    | Got the Almanac of Warped Enchantment
  8326 | D:10     | Reached skill level 5 in Poison Magic
  8344 | D:10     | Found a runed translucent gate.
  8344 | D:10     | Found a runed translucent gate.
  8345 | D:10     | Found a runed translucent gate.
  8353 | D:10     | Noticed ONETWELVE's ghost (novice HOMo)
  8355 | D:10     | Found a viscous altar of Jiyva.
  8574 | D:10     | Found a staircase to the Lair.
  8820 | D:10     | Found a hide-covered altar of Uskayaw.
  9232 | D:10     | Killed ONETWELVE's ghost
  9233 | D:10     | Reached skill level 5 in Air Magic
  9490 | D:11     | Reached XP level 12. HP: 76/86 MP: 16/22
  9514 | D:11     | Found a flagged portal.
  9520 | D:11     | Found the +7 pair of quick blades "Gyre" and "Gimble"
                  | {protect}
  9629 | D:11     | Noticed a six-headed hydra
  9651 | D:11     | Killed a six-headed hydra
  9731 | D:11     | Found a runed translucent door.
  9731 | D:11     | Noticed McKennaii's ghost (journeyman DjFE)
  9731 | D:11     | Noticed a skeletal warrior
  9812 | D:11     | Found a staircase to the Orcish Mines.
  9846 | Bailey   | Entered a bailey
  9875 | Bailey   | Reached ***** piety under Kikubaaqudgha
 10971 | Orc:1    | Entered Level 1 of the Orcish Mines
 11064 | Orc:1    | Found a transporter.
 11071 | Orc:1    | Noticed Xoonoinn's ghost (journeyman NaWz)
 11130 | Orc:1    | Found a transporter.
 11314 | Orc:1    | Noticed a two-headed ogre
 11327 | Orc:1    | Killed a two-headed ogre
 11507 | Orc:1    | Noticed a two-headed ogre
 11518 | Orc:1    | Killed a two-headed ogre
 11557 | Orc:1    | Found Roixaa Resy's Armour Emporium.
 11644 | Orc:2    | Entered Level 2 of the Orcish Mines
 11648 | Orc:2    | Noticed a two-headed ogre
 11669 | Orc:2    | Killed a two-headed ogre
 11670 | Orc:2    | Reached skill level 5 in Short Blades
 11671 | Orc:2    | Noticed a two-headed ogre
 11677 | Orc:2    | Killed a two-headed ogre
 11718 | Orc:2    | Noticed a two-headed ogre
 11843 | Orc:2    | Killed a two-headed ogre
 11868 | Orc:2    | Noticed a two-headed ogre
 11894 | Orc:2    | Killed a two-headed ogre
 12052 | Orc:2    | Reached XP level 13. HP: 94/94 MP: 25/25
 12224 | Orc:2    | Found Pimmoomm's Magic Scroll Boutique.
 12405 | Orc:2    | Reached skill level 5 in Dodging
 12505 | Orc:2    | Reached ****** piety under Kikubaaqudgha
 12507 | Orc:2    | Received a gift from Kikubaaqudgha
 12615 | D:8      | Fell from the grace of Kikubaaqudgha
 12615 | D:8      | Became a worshipper of Gozag Ym Sagoz the Greedy
 12847 | Orc:2    | Bought a scroll of noise for 16 gold pieces
 12847 | Orc:2    | Bought a scroll of identify for 32 gold pieces
 12926 | Orc:2    | Found Colups's General Store.
 12953 | Orc:2    | Bought a scroll of identify for 26 gold pieces
 13579 | Orc:2    | Noticed an orc warlord
 13606 | Orc:2    | Killed an orc warlord
 13794 | Orc:2    | Found Azxoe's Book Shoppe.
 14061 | Orc:2    | Found Ginuvoc's Assorted Antiques.
 14075 | Orc:2    | Bought 2 white potions for 50 gold pieces
 14075 | Orc:2    | Bought a scroll labelled DAGHAY ZIYXKEA for 28 gold pieces
 14075 | Orc:2    | Bought a clouded amber ring for 140 gold pieces
 14075 | Orc:2    | Identified the ring of Trepidation {rPois rF++ EV+4 Int-3}
                  | (You bought it in a shop on level 2 of the Orcish Mines)
 14195 | Orc:2    | Found a staircase to the Elven Halls.
 14822 | Orc:2    | Got Biqatt's Incunabulum of the Escort
 15602 | D:11     | Reached XP level 14. HP: 61/102 MP: 8/26
 15615 | D:11     | Killed McKennaii's ghost
 16207 | D:12     | Reached skill level 10 in Fighting
 16252 | D:12     | Reached skill level 10 in Armour
 17433 | D:13     | Reached skill level 10 in Earth Magic
 17686 | D:13     | Reached skill level 10 in Necromancy
 17757 | D:13     | Slain by a catoblepas

Illustrated notes

Levels and vault maps discovered:
D:1:      dpeg_arrival_rhombi, layout_basic, ebering_ecumenical_altar_abandoned
D:2:      layout_basic
D:3:      layout_basic, amcnicky_altar_gilded, mainiacjoe_overflow_boulevard,
          uniq_jessica
D:4:      layout_rooms, makhleb_blood_cavern_becter, uniq_sigmund, uniq_robin
D:5:      layout_basic, nzn_wu_jian_contemplation,
          minmay_temple_entry_large_hall, dk_noncrumbling_2, grunt_ministairs_9,
          kennysheep_boxes, uniq_menkaure
D:6:      layout_rooms, mainiacjoe_overflow_small_starburst, st_stairs_12,
          uniq_eustachio
D:7:      layout_loops_corners, serial_glass, glass_columns_b, glass_columns_a,
          nrook_mini_backslash, grunt_decor_fettered, hangedman_minor_gate_pass,
          uniq_duvessa
D:8:      layout_basic, mainiacjoe_overflow_paths,
          chequers_serial_rivers_micro_a, minmay_fractal_squares_5, uniq_erica
D:9:      layout_basic, vehumet_altar_wand_db, grunt_decor_cap, uniq_erolcha
D:10:     layout_loops_cross, nicolae_uskayaw_dance_studio,
          grunt_lair_entry_orc_guard_hut, gammafunk_ghost_ooze,
          nicolae_trove_entry_crossroad, nrook_uturn, minivault_23
D:11:     layout_loops_ring, minmay_orc_entry_guard_dogs, enter_bailey_5,
          serial_rivers, chequers_serial_rivers_micro_b,
          chequers_serial_rivers_small_3, chequers_serial_rivers_large_b,
          chequers_serial_rivers_small_a, chequers_serial_rivers_small_3,
          ebering_ghost_inner_flame
D:12:     layout_rooms, st_stairs_4, chequers_serial_rivers_micro_a,
          elves_outpost_lemuel
D:13:     layout_basic
Temple:   eino_narrow_crystal_temple
Orc:1:    layout_diamond_mine, gammafunk_ghost_berserking_beasts, serial_shops,
          nicolae_shop_behind_doors
Orc:2:    pubby_orc_utopia

Skill      XL: |  1  2  3  4  5  6  7  8  9 10 11 12 13 14 |
---------------+-------------------------------------------+-----
Conjurations   | 4 5 6 |  6.0
Spellcasting   | 4 5 6 7 8 9 |  9.2
Short Blades   | 1 5 7 8 |  8.0
Fighting       | 1 3 5 6 8 10 | 10.0
Armour         | 1 3 5 6 8 10 | 10.0
Dodging        | 2 3 4 6 7 |  7.0
Necromancy     | 1 6 7 9 10 | 10.0
Earth Magic    | 9 10 | 10.4
Air Magic      | 5 6 |  6.0
Poison Magic   | 6 |  6.0
Stealth        | |  2.4

Action                   |  1- 3 |  4- 6 |  7- 9 | 10-12 | 13-15 || total
-------------------------+-------+-------+-------+-------+-------++-------
Melee: Short sword       |    27 |       |       |       |       ||    27
       Whip              |     8 |    54 |       |       |       ||    62
       Dagger            |       |       |    70 |   186 |       ||   256
       Pair of quick bla |       |       |       |   157 |   546 ||   703
 Fire: Arbalest          |       |       |       |     2 |       ||     2
 Cast: Magic Dart        |    40 |    18 |    22 |     1 |     5 ||    86
       Searing Ray       |     5 |    15 |    41 |    57 |    26 ||   144
       Mephitic Cloud    |       |       |       |    11 |    17 ||    28
       Borgnjor's Vile C |       |       |       |    41 |   106 ||   147
       Dispel Undead     |       |       |       |     6 |     8 ||    14
       Vampiric Draining |       |       |       |     8 |     6 ||    14
       Sublimation of Bl |       |       |       |     1 |    14 ||    15
Invok: Receive Forbidden |       |       |       |       |     1 ||     1
 Abil: Dig               |     1 |     2 |    15 |    24 |    25 ||    67
  Use: Scroll            |       |       |       |    12 |     3 ||    15
 Stab: Sleeping          |       |     2 |       |     1 |     1 ||     4
       Distracted        |       |       |       |     2 |       ||     2
       Confused          |       |       |       |     8 |     6 ||    14
Armor: Robe              |    13 |    11 |    32 |    48 |       ||   104
       Steam dragon scal |       |       |       |    62 |   108 ||   170
Dodge: Dodged            |    36 |    46 |   133 |   308 |   331 ||   854
